AoeStats
← BobbyBenz

Arabia

509931319Analyzed
2v2 RM · 4d ago on Sep 28, 2026· 62m 34s· 4 players
Game mode
Random Map
Map size
Medium (4 player)
Population
200
Speed
Normal
Resources
Standard
Victory
Conquest
Starting age
Dark Age
Ending age
Imperial Age
RankedLock teamsTeams togetherTeam positionsShared explorationLock speedFull tech treeHidden civsTurbo modeCheats
Victory
Defeat
🇩🇪 Persians · Germany
1277
+16
🇦🇹 Britons · Austria
1179
+20
🇨🇱 Varangians · Chile
1289
-19
🇨🇱 Mapuche · Chile
1240
-17
Aquisgranensis_MCM
8:30 Feudal Age
9:48 Double-Bit Axe
20:39 Castle Age
19:38 Gold Mining
20:24 Bloodlines
20:22 Scale Barding Armor
21:30 Wheelbarrow
34:39 Horse Collar
35:25 Bow Saw
37:49 Hand Cart
40:10 Imperial Age
37:53 Loom
38:37 Heavy Plow
40:05 Fletching
39:49 Heavy Camel Rider
41:41 Chemistry
42:14 Chain Barding Armor
42:05 Forging
43:36 Conscription
43:50 Padded Archer Armor
44:26 Plate Barding Armor
47:21 Leather Archer Armor
49:04 Ring Archer Armor
52:45 Light Cavalry
54:16 Hussar
54:23 Hussar
62:01 Iron Casting
BobbyBenz
7:23 Loom
9:37 Feudal Age
10:38 Double-Bit Axe
14:29 Fletching
16:40 Horse Collar
24:54 Castle Age
23:55 Padded Archer Armor
23:47 Gold Mining
24:59 Crossbowman
25:37 Bodkin Arrow
26:34 Bow Saw
27:48 Ballistics
30:03 Heavy Plow
30:52 Gold Shaft Mining
39:00 Imperial Age
39:12 Wheelbarrow
39:06 Arbalester
39:49 Bracer
41:41 Hand Cart
48:05 Stone Mining
49:44 Chemistry
51:32 Two-Man Saw
58:46 Yeomen
60:03 Conscription
60:29 Fortified Wall
61:19 Light Cavalry
62:00 Husbandry
IBUYPAWS
7:07 Loom
9:35 Feudal Age
11:41 Double-Bit Axe
15:39 Fletching
23:57 Castle Age
21:40 Horse Collar
22:26 Gold Mining
22:39 Padded Archer Armor
29:29 Elite Skirmisher
31:16 Bodkin Arrow
32:31 Wheelbarrow
32:54 Bow Saw
44:43 Malon
47:07 Leather Archer Armor
50:47 Imperial Age
52:24 Ring Archer Armor
52:35 Heavy Plow
53:53 Crop Rotation
55:33 Conscription
58:48 Hand Cart
62:18 Chemistry
Sin H.
6:25 Loom
8:45 Feudal Age
9:44 Double-Bit Axe
11:50 Wheelbarrow
11:29 Horse Collar
20:43 Castle Age
20:07 Stone Mining
21:57 Bow Saw
21:49 Heavy Plow
27:09 Bloodlines
26:59 Husbandry
28:37 Scale Barding Armor
31:55 Forging
33:15 Fletching
38:15 Imperial Age
35:46 Gold Mining
36:57 Heavy Plow
37:46 Husbandry
38:20 Hand Cart
38:19 Squires
39:06 Arson
39:23 Scale Mail Armor
40:16 Iron Casting
39:05 Gothikon
40:42 Chain Mail Armor
41:11 Elite Varangian Guard
43:32 Blast Furnace
45:24 Plate Mail Armor
45:55 Conscription
46:33 Chain Barding Armor
47:40 Bodkin Arrow
47:45 Padded Archer Armor
47:42 Elite Skirmisher
48:24 Bracer
49:30 Leather Archer Armor
50:23 Chemistry
49:44 Ballistics
49:35 Masonry
51:17 Ring Archer Armor
52:25 Gambesons
55:19 Architecture
60:21 Light Cavalry
Connection lost

Rejoining the realm…

Still unreachable

The connection could not be restored.

Session expired

The server has moved on; the page needs a fresh start.